 Dungeon Crawl Stone Soup version 0.28.0-1-gb440e238dd (webtiles) character file.

Game seed: 2578725859929665729

532 rabbitsville the Firebug (level 7, -6/50 HPs)
             Began as a Hill Orc Fire Elementalist on Feb 22, 2022.
             Mangled by Pikel (7 damage)
             ... on level 4 of the Dungeon.
             The game lasted 00:21:38 (3841 turns).

rabbitsville the Firebug (HOFE)                     Turns: 3841, Time: 00:21:40

Health: -6/50      AC:  2    Str: 11    XL:     7   Next: 24%
Magic:  5/10       EV: 12    Int: 17    God:
Gold:   125        SH:  0    Dex: 21    Spells: 7/10 levels left

rFire   + . .      SeeInvis .   m - +8 dagger of Ceish {freeze, Dex+10}
rCold   x . .      Faith    .   (no shield)
rNeg    . . .      Spirit   .   a - +0 robe
rPois   .          Reflect  .   (no helmet)
rElec   .          Harm     .   (no cloak)
rCorr   .          Rampage  .   (no gloves)
Will    .....                   (no boots)
Stlth   ++........              (no amulet)
HPRegen 0.16/turn               c - ring of flight
MPRegen 0.12/turn               j - ring of fire

@: flying
A: no striking features
a: no special abilities


You were on level 4 of the Dungeon.
You visited 1 branch of the dungeon, and saw 4 of its levels.

You collected 125 gold pieces.

Inventory:

Hand Weapons
 f - a +0 dagger
 m - the +8 dagger of Ceish (weapon) {freeze, Dex+10}
   (You found it on level 3 of the Dungeon)

   It freezes those it strikes, dealing additional cold damage.
   It can also slow down cold-blooded creatures.
   Dex:       It affects your dexterity (+10).
Missiles
 h - 2 poisoned darts
Armour
 a - a +0 robe (worn)
Jewellery
 c - a ring of flight (left hand)
 j - a ring of fire (right hand)
 s - a ring of protection from fire
Wands
 q - a wand of iceblast (9)
Scrolls
 b - 2 scrolls of teleportation {unknown}
 d - 3 scrolls of brand weapon {unknown}
 e - 3 scrolls of vulnerability {unknown}
 i - 3 scrolls of identify {unknown}
 k - 2 scrolls of immolation {unknown}
 n - a scroll of noise {unknown}
 p - a scroll of fear {unknown}
Potions
 g - a potion of degeneration {unknown}
 l - a potion of lignification {unknown}
 o - a potion of mutation {unknown}
 r - a potion of flight


   Skills:
 + Level 2.5 Short Blades
 - Level 1.5 Dodging
 - Level 1.5 Stealth
 + Level 2.1 Shields
 - Level 2.4 Spellcasting
 + Level 3.4 Conjurations
 * Level 6.2 Fire Magic


You had 7 spell levels left.
You knew the following spells:

 Your Spells              Type           Power      Damage    Failure   Level
a - Foxfire               Conj/Fire      100%       2x1d9     2%          1
b - Scorch                Fire           70%        2d9       2%          2

Your spell library contained the following spells:

 Spells                   Type           Power      Damage    Failure   Level
 Conjure Flame            Conj/Fire      27%        6-21      8%          3
 Static Discharge         Conj/Air       7%         N/A       14%         2
 Inner Flame              Hex/Fire       19%        N/A       16%         3
 Sting                    Tmut/Pois      8%         1d3       19%         1
 Flame Wave               Conj/Fire      27%        2d7       26%         4
 Poisonous Vapours        Pois/Air       4%         N/A       28%         2
 Olgreb's Toxic Radiance  Pois           2%         N/A       88%         4
 Lightning Bolt           Conj/Air       3%         1d15      94%         5
 Maxwell's Capacitive Co  Air            1%         ∞         100%        8


Dungeon Overview and Level Annotations

Branches:
Dungeon (4/15)
 Temple: D:4-7

Altars:
Qazlal

Annotations:
D:4 Pikel


Message History

Pikel is lightly wounded.
Pikel barely misses you.
Casting: Scorch (safe; 2% risk of failure)
Confirm with . or Enter, or press ? or * to list all spells.
You feel a surge of power!
Flames lash the lemure.
The lemure is moderately wounded.
The lemure's fire resistance burns away.
You hear a shout!
Pikel barely misses you. Pikel misses you.
You closely miss Pikel.
Pikel is lightly wounded.
Pikel barely misses you.
You puncture Pikel! You freeze Pikel.
Pikel is heavily wounded.
Pikel hits you with a +2 whip of flaming!
Pikel burns you.
You puncture Pikel! You freeze Pikel.
Pikel is severely wounded.
Pikel hits you with a +2 whip of flaming!
Pikel burns you.
Pikel hits you with a +2 whip of flaming!
Pikel burns you.
You hit Pikel but do no damage.
Pikel is severely wounded.
Pikel is no longer more vulnerable to fire.
The lemure is no longer more vulnerable to fire.
Pikel hits you with a +2 whip of flaming.
* * * LOW HITPOINT WARNING * * *
You hit Pikel but do no damage.
Pikel is severely wounded.
Pikel hits you with a +2 whip of flaming!
* * * LOW HITPOINT WARNING * * *
It was a potion of flight.
You feel more buoyant.
Pikel hits you with a +2 whip of flaming!
* * * LOW HITPOINT WARNING * * *
Pikel burns you.
* * * LOW HITPOINT WARNING * * *
Pikel hits you with a +2 whip of flaming!
You die...

.# #.. .# #... .# #...
.##+## ##.5.. ......
...K..### ......
5.55..55# ..##. #5# ###
#K# ### #@######## ..#
####........# ..#
###...≈....≈#.# .###.#
...≈^≈#.(.#≈≈≈.# .# #.#
....^#≈≈...#≈#≈.# ## #.#
.>...§#^...##.^.# ####.#
......≈.≈^....≈..#
..#..##.........._......#
.............^^.§.^..^^##


You could see Pikel (fast) and 3 lemures.

Vanquished Creatures
  A phantom (D:4)
  3 scorpions (D:4)
  A howler monkey (D:3)
  A hound (D:4)
  2 orc wizards (D:3)
  3 gnolls (D:4)
  7 adders
  A worm (D:2)
  5 orcs
  6 ball pythons
  5 bats
  4 endoplasms
  2 giant cockroaches
  6 goblins
  9 hobgoblins
  4 kobolds
  5 quokkas
  5 frilled lizards
  4 rats
74 creatures vanquished.

Vanquished Creatures (others)
  73 foxfires
73 creatures vanquished.

Grand Total: 147 creatures vanquished

Notes
Turn   | Place    | Note
-------+----------+-------------------------------------------
     0 | D:1      | rabbitsville the Hill Orc Fire Elementalist began the quest
                  | for the Orb.
     0 | D:1      | Reached XP level 1. HP: 14/14 MP: 3/3
   479 | D:1      | Reached XP level 2. HP: 20/20 MP: 1/4
   538 | D:1      | Found a faded altar of an unknown god.
  1167 | D:2      | Learned a level 2 spell: Scorch
  1254 | D:2      | Reached skill level 4 in Fire Magic
  1254 | D:2      | Reached XP level 3. HP: 26/26 MP: 0/5
  2039 | D:3      | Identified the +8 dagger of Ceish {freeze, Dex+10}
  2059 | D:3      | Reached XP level 4. HP: 33/33 MP: 4/7
  2171 | D:3      | Reached skill level 1 in Short Blades
  2171 | D:3      | Reached XP level 5. HP: 22/38 MP: 4/8
  2523 | D:3      | Reached skill level 5 in Fire Magic
  3075 | D:4      | Reached XP level 6. HP: 45/45 MP: 3/9
  3242 | D:4      | Reached skill level 1 in Shields
  3520 | D:4      | Reached skill level 6 in Fire Magic
  3523 | D:4      | Reached XP level 7. HP: 50/50 MP: 5/10
  3803 | D:4      | Found a stormy altar of Qazlal.
  3827 | D:4      | Noticed Pikel
  3841 | D:4      | HP: 2/50 [Pikel (7)]
  3841 | D:4      | Mangled by Pikel

Illustrated notes

Levels and vault maps discovered:
D:1:      dpeg_arrival_round_c, layout_basic,
          hellmonk_ecumenical_altar_pennies_from_heaven
D:2:      layout_rooms
D:3:      layout_loops_cross, minmay_pentomino_pile
D:4:      layout_rooms, grunt_qazlal_sundering, minmay_misc_feat_x,
          minivault_25, uniq_pikel

Skill      XL: |  1  2  3  4  5  6  7 |
---------------+----------------------+-----
Fire Magic     | 4 5 6 |  6.2
Spellcasting   | 2 |  2.4
Conjurations   | 2 3 |  3.4
Short Blades   | 1 2 |  2.5
Shields        | 1 2 |  2.1
Dodging        | |  1.5
Stealth        | |  1.5

Action                   |  1- 3 |  4- 6 |  7- 9 || total
-------------------------+-------+-------+-------++-------
Melee: Unarmed           |     5 |       |       ||     5
       Dagger            |    17 |    24 |     6 ||    47
       Punch             |       |     1 |       ||     1
 Cast: Foxfire           |    29 |    11 |     5 ||    45
       Scorch            |    17 |    27 |     8 ||    52
  Use: Potion            |       |       |     1 ||     1
Armor: Robe              |    10 |     2 |       ||    12
Dodge: Dodged            |    23 |    10 |     5 ||    38
